 Dungeon Crawl Stone Soup version 0.22-a0-348-gd16d139 (webtiles) character file.

123 BaronVonScrub the Stinger (level 4, -1/30 HPs)
             Began as a Demonspawn Venom Mage on Apr 8, 2018.
             Was an Initiate of Cheibriados.
             Slain by binmo's ghost (2 damage)
             ... on level 3 of the Dungeon.
             The game lasted 00:14:54 (2958 turns).

BaronVonScrub the Stinger (Demonspawn Venom Mage)   Turns: 2958, Time: 00:14:55

Health: -1/30      AC:  4    Str: 10    XL:     4   Next: 79%
Magic:  8/8        EV: 12    Int: 18    God:    Cheibriados [......]
Gold:   92         SH:  0    Dex: 14    Spells: 8/9 levels left

rFire    . . .     SeeInvis .   b - +0 dagger
rCold    . . .     Gourm    .   (no shield)
rNeg     . . .     Faith    .   f - +0 robe
rPois    +         Spirit   .   (no helmet)
rElec    .         Reflect  .   (no cloak)
rCorr    .         Harm     .   (no gloves)
MR       .....                  (no boots)
Stlth    ++........             (no amulet)
HPRegen  0.10/turn              g - ring of poison resistance
MPRegen  0.11/turn              (no ring)

@: very slow
A: yellow scales 1, powered by pain 1
a: Bend Time, Renounce Religion


You were on level 3 of the Dungeon.
You worshipped Cheibriados.
Cheibriados was noncommittal.
You were not hungry.

You visited 1 branch of the dungeon, and saw 3 of its levels.

You collected 92 gold pieces.

Inventory:

Hand Weapons
 b - a +0 dagger (weapon)
 d - a cursed -1 short sword
Armour
 a - a +0 robe
 f - a +0 robe (worn)
Jewellery
 g - a ring of poison resistance (left hand)
Scrolls
 h - 3 scrolls of identify {unknown}
 i - a scroll of enchant weapon {unknown}
 l - a scroll of amnesia {unknown}
Potions
 c - a potion of mutation {unknown}
 e - a potion of heal wounds
Comestibles
 j - a ration
 k - a chunk of flesh


   Skills:
 - Level 0.2 Fighting
 - Level 0.4 Short Blades
 - Level 1.7 Dodging
 + Level 2.0 Stealth
 + Level 3.2 Spellcasting
 - Level 1.0 Conjurations
 + Level 4.4 Poison Magic


You had 8 spell levels left.
You knew the following spells:

 Your Spells              Type           Power        Failure   Level  Hunger
a - Sting                 Conj/Pois      ##..         5%          1    None


Dungeon Overview and Level Annotations

Branches:
Dungeon (3/15)

Altars:
Cheibriados
Okawaru

Annotations:
D:3 binmo's ghost, amateur SpAs


Innate Abilities, Weirdness & Mutations

You are partially covered in yellow scales. (AC +2)
You sometimes gain a little power by taking damage.


Message History

Binmo's ghost hits you but does no damage.
You hit binmo's ghost.
Binmo's ghost is moderately damaged.
Binmo's ghost hits you.
You writhe in agony.
You hit binmo's ghost.
Binmo's ghost is heavily damaged.
Binmo's ghost hits you but does no damage.
You writhe in agony.
* * * LOW HITPOINT WARNING * * *
You closely miss binmo's ghost.
Binmo's ghost is heavily damaged.
Binmo's ghost hits you but does no damage.
You writhe in agony.
* * * LOW HITPOINT WARNING * * *
You closely miss binmo's ghost.
Binmo's ghost is heavily damaged.
Binmo's ghost hits you.
* * * LOW HITPOINT WARNING * * *
You writhe in agony.
You die...

#...# #.#
#####...#####.#
.....
........'.....+
.....
..#....##....#......
#....##.####......
#....##.####......
#...†##.##........
#....##+##.....$..
#.......@Ww.......
#........#........
#........#........
#..##......#........
##. #......#........
# #......#........
#.#....#........
#.#....#........
..#....#


You could see a worm and binmo's ghost.

Vanquished Creatures
  An iguana (D:2)
  3 adders (D:2)
  A worm (D:2)
  4 dart slugs
  3 leopard geckos
  2 giant cockroaches
  9 goblins
  5 hobgoblins
  6 jackals (D:2)
  6 bats
  8 kobolds
  8 rats
56 creatures vanquished.

Vanquished Creatures (others)
  4 toadstools (D:1)
4 creatures vanquished.

Grand Total: 60 creatures vanquished

Notes
Turn   | Place    | Note
-------+----------+-------------------------------------------
     0 | D:1      | BaronVonScrub the Demonspawn Venom Mage began the quest for the Orb.
     0 | D:1      | Reached XP level 1. HP: 13/13 MP: 3/3
   446 | D:1      | Gained mutation: You are partially covered in yellow scales. (AC +2) [demonic ancestry]
   446 | D:1      | Reached XP level 2. HP: 18/19 MP: 0/5
  1433 | D:2      | Reached XP level 3. HP: 10/24 MP: 1/6
  1666 | D:2      | Reached skill level 4 in Poison Magic
  1873 | D:2      | Found an iron altar of Okawaru.
  1875 | D:2      | Gained mutation: You sometimes gain a little power by taking damage. [demonic ancestry]
  1875 | D:2      | Reached XP level 4. HP: 30/30 MP: 5/8
  2509 | D:2      | Found a snail-covered altar of Cheibriados.
  2515 | D:2      | Became a worshipper of Cheibriados the Contemplative
  2917 | D:3      | Noticed binmo's ghost (amateur SpAs)
  2933 | D:3      | HP: 1/30 [binmo's ghost (3)]
  2958 | D:3      | HP: 1/30 [binmo's ghost (6)]
  2958 | D:3      | Slain by binmo's ghost

Vault maps used:
D:1:      ldierk_walled_garden_2, minivault_5, minmay_surrounded
D:2:      lemuel_doored_altar, okawaru_ov_weapons_minmay

Skill      XL: |  1  2  3  4 |
---------------+-------------+-----
Poison Magic   | 4 |  4.4
Stealth        | 2 |  2.0
Spellcasting   | 3 |  3.2
Fighting       | |  0.2
Short Blades   | |  0.4
Dodging        | |  1.7
Conjurations   | |  1.0

Action                   |  1- 3 |  4- 6 || total
-------------------------+-------+-------++-------
Melee: Dagger            |    19 |    66 ||    85
 Cast: Sting             |    70 |    49 ||   119
  Use: Scroll            |     4 |       ||     4
       Potion            |     3 |     1 ||     4
  Eat: Chunk             |     1 |     3 ||     4
       Ration            |     1 |       ||     1
Armor: Robe              |     4 |    31 ||    35
Dodge: Dodged            |    24 |    43 ||    67

Table legend:
 A = Spawn XP
 B = Non-spawn XP
 C = Spawn XP percentage of total XP
 D = Spawn monster count
 E = Non-spawn monster count
 F = Spawn count percentage of total count
 G = Total turns spent on level
                    A         B        C        D         E        F      G
               +---------+---------+-------+---------+---------+-------+---------
         Total |       0 |     176 |   0.0 |       0 |      56 |   0.0 |  2958
               +---------+---------+-------+---------+---------+-------+---------
           D:1 |       0 |      39 |   0.0 |       0 |      22 |   0.0 |  1427
           D:2 |       0 |     123 |   0.0 |       0 |      27 |   0.0 |  1329
           D:3 |       0 |      14 |   0.0 |       0 |       7 |   0.0 |   202
               +---------+---------+-------+---------+---------+-------+---------
